General information
- name: BNet
- type: Ladder team game (AT/RT)
- host: Battle.net
- saver: womansrightsLOL
map: TwistedMeadows
- players: 4
- length: 14:41
- speed: Fast
- version: 1.24 W3XP
- replay type: Public
» download(68 KB)
Players
team 1 (winner)

»
the.valor (
orange | 92 APM | 1355 actions | 14:40)
4 Archmage
2 Summon Water Elemental
2 Brilliance Aura
2 Mountain King
1 Storm Bolt
1 Bash
» actions
| Assign group hotkey | 117 | |
| Basic commands | 63 | |
| Build / train | 50 | |
| ESC pressed | 3 | |
| Enter build submenu | 20 | |
| Enter hero's abilities submenu | 6 | |
| Right click | 635 | |
| Select / deselect | 216 | |
| Select group hotkey | 204 | |
| Use ability | 41 | |
1355 total
» units
| Peasant | 8 | |
| Footman | 1 | |
| Rifleman | 13 | |
| Mortar Team | 7 | |
29 total
» upgrades
| Gunpowder | 2 | |
| Masonry | 2 | |
| Armor | 2 | |
| Lumber Harvesting | 1 | |
| Long Rifles | 1 | |
8 total
» buildings
| Altar of Kings | 1 | |
| Farm | 8 | |
| Barracks | 1 | |
| Scout Tower | 3 | |
| Blacksmith | 1 | |
| Arcane Tower | 1 | |
| Arcane Vault | 2 | |
| Lumber Mill | 1 | |
| Keep | 2 | |
| Guard Tower | 1 | |
| Workshop | 1 | |
22 total
» build order
00:08 Altar of Kings
00:18 Farm
00:36 Barracks
00:49 Farm
01:26 Scout Tower
01:30 Scout Tower
02:05 Blacksmith
02:15 Arcane Tower
02:25 Farm
02:36 Arcane Vault
03:11 Lumber Mill
03:26 Arcane Vault
03:49 Keep
03:57 Scout Tower
04:30 Guard Tower
05:18 Farm
06:16 Workshop
07:19 Farm
07:47 Farm
08:34 Farm
10:01 Farm
» items

»
womansrightsLOL (
pink | 88 APM | 1290 actions | 14:41)
4 Blademaster
2 Wind Walk
2 Critical Strike
3 Shadow Hunter
1 Hex
2 Healing Wave
» actions
| Assign group hotkey | 18 | |
| Basic commands | 12 | |
| Build / train | 57 | |
| Enter build submenu | 11 | |
| Enter hero's abilities submenu | 7 | |
| Right click | 611 | |
| Select / deselect | 231 | |
| Select group hotkey | 247 | |
| Use ability | 96 | |
1290 total
» units
| Peon | 7 | |
| Grunt | 11 | |
| Raider | 6 | |
| Spirit Walker | 3 | |
| Demolisher | 1 | |
28 total
» upgrades
| Ensnare | 1 | |
| Spirit Walker Training | 1 | |
| Melee Weapons | 1 | |
| Armor | 1 | |
| Pillage | 1 | |
5 total
» buildings
| Altar of Storms | 1 | |
| Orc Burrow | 5 | |
| Voodoo Lounge | 1 | |
| Barracks | 1 | |
| Stronghold | 1 | |
| Beastiary | 1 | |
| Spirit Lodge | 1 | |
| War Mill | 1 | |
12 total
» build order
00:10 Altar of Storms
00:20 Orc Burrow
01:06 Voodoo Lounge
01:20 Barracks
01:42 Orc Burrow
03:32 Stronghold
04:24 Orc Burrow
06:01 Beastiary
06:04 Spirit Lodge
07:22 Orc Burrow
07:25 War Mill
13:40 Orc Burrow
» items
| Healing Salve | 2 | |
| Lesser Clarity Potion | 2 | |
| Scroll of Speed | 1 | |
| Boots of Speed | 1 | |
6 total
team 2 (loser)

»
Caibel (
purple | 38 APM | 549 actions | 14:37)
3 Blademaster
1 Wind Walk
2 Critical Strike
» actions
| Assign group hotkey | 24 | |
| Basic commands | 16 | |
| Build / train | 45 | |
| Enter build submenu | 11 | |
| Enter hero's abilities submenu | 4 | |
| Right click | 118 | |
| Select / deselect | 203 | |
| Select group hotkey | 105 | |
| Use ability | 23 | |
549 total
» units
| Peon | 7 | |
| Grunt | 14 | |
| Raider | 7 | |
| Wind Rider | 1 | |
29 total
» upgrades
| Pillage | 1 | |
| Berserker Strength | 1 | |
| Ensnare | 1 | |
| Melee Weapons | 1 | |
| Reinforced Defenses | 1 | |
| Envenomed Spears | 1 | |
| Ranged Weapons | 1 | |
7 total
» buildings
| Altar of Storms | 1 | |
| Orc Burrow | 4 | |
| Barracks | 1 | |
| War Mill | 1 | |
| Voodoo Lounge | 1 | |
| Stronghold | 1 | |
| Fortress | 1 | |
| Beastiary | 1 | |
| Watch Tower | 1 | |
12 total
» build order
00:17 Altar of Storms
00:26 Orc Burrow
00:52 Barracks
01:09 War Mill
01:40 Orc Burrow
02:43 Voodoo Lounge
03:33 Orc Burrow
04:22 Stronghold
05:39 Orc Burrow
07:10 Fortress
07:27 Beastiary
07:57 Watch Tower
» items
| Healing Salve | 1 | |
| Orb of Lightning | 1 | |
| Potion of Healing | 1 | |
3 total

»
straud (
teal | 43 APM | 629 actions | 14:40)
3 Mountain King
1 Storm Bolt
2 Bash
3 Paladin
1 Holy Light
2 Devotion Aura
» actions
| Assign group hotkey | 21 | |
| Basic commands | 42 | |
| Build / train | 48 | |
| Enter build submenu | 16 | |
| Enter hero's abilities submenu | 6 | |
| Remove unit from queue | 1 | |
| Right click | 127 | |
| Select / deselect | 134 | |
| Select group hotkey | 187 | |
| Use ability | 47 | |
629 total
» units
| Peasant | 10 | |
| Footman | 7 | |
| Rifleman | 2 | |
| Knight | 3 | |
| Gryphon Rider | 2 | |
24 total
» upgrades
| Masonry | 2 | |
| Swords | 3 | |
| Plating | 2 | |
| Defend | 1 | |
| Long Rifles | 1 | |
9 total
» buildings
| Lumber Mill | 1 | |
| Altar of Kings | 1 | |
| Farm | 6 | |
| Barracks | 1 | |
| Blacksmith | 1 | |
| Scout Tower | 4 | |
| Arcane Vault | 1 | |
| Arcane Tower | 1 | |
| Guard Tower | 2 | |
| Keep | 1 | |
| Castle | 1 | |
| Gryphon Aviary | 1 | |
21 total
» build order
00:22 Lumber Mill
00:52 Altar of Kings
01:06 Farm
01:22 Barracks
01:36 Blacksmith
01:46 Farm
02:24 Scout Tower
02:28 Scout Tower
02:49 Arcane Vault
02:55 Arcane Tower
02:59 Farm
03:27 Arcane Tower
03:29 Scout Tower
04:04 Guard Tower
04:05 Keep
04:39 Scout Tower
05:09 Farm
05:55 Farm
06:00 Guard Tower
06:36 Farm
08:04 Castle
09:53 Gryphon Aviary
Chat log
(00:53 / Allies) the.valor: rifles
(00:55 / Allies) the.valor: mortar
(00:57 / Allies) womansrightsLOL: k
(02:03 / Allies) womansrightsLOL: human goign strait rifles
(04:02 / Allies) the.valor: mirror match
(05:26 / Allies) the.valor: need help?
(05:57 / Allies) the.valor: woops